 Dungeon Crawl Stone Soup version 0.25-a0-549-g6e6e6501ad (webtiles) character file.

Game seed: 4203435123776070769, levelgen mode: deterministic

28 BeastOfSaturn the Grasshopper (level 2, -4/25 HPs)
             Began as a Draconian Warper on Feb 23, 2020.
             Slain by an adder (5 damage)
             ... on level 2 of the Dungeon.
             The game lasted 00:04:45 (921 turns).

BeastOfSaturn the Grasshopper (Draconian Warper)     Turns: 921, Time: 00:04:45

Health: -4/25      AC:  4    Str: 13    XL:     2   Next: 96%
Magic:  5/5        EV: 12    Int: 13    God:
Gold:   96         SH:  0    Dex: 10    Spells: 1/5 levels left

rFire    . . .     SeeInvis .   a - +0 falchion
rCold    . . .     Gourm    .   (no shield)
rNeg     . . .     Faith    .   (armour unavailable)
rPois    .         Spirit   .   (helmet restricted)
rElec    .         Reflect  .   (no cloak)
rCorr    .         Harm     .   (no gloves)
MR       .....                  (no boots)
Stlth    +.........             (no amulet)
HPRegen  0.08/turn              (no ring)
MPRegen  0.09/turn              (no ring)

@: lethally poisoned (-4 -> -11)
A: unfitting armour, cold-blooded, AC +4
a: no special abilities


You were on level 2 of the Dungeon.
You were hungry.

You visited 1 branch of the dungeon, and saw 2 of its levels.

You collected 96 gold pieces.

Inventory:

Hand Weapons
 a - a +0 falchion (weapon)
 b - a +0 hunting sling
Missiles
 d - 5 boomerangs of dispersal (quivered)
 e - 14 sling bullets
Jewellery
 m - an uncursed amulet of magic regeneration {unknown}
Scrolls
 c - a scroll of blinking
 h - a scroll of amnesia {unknown}
 j - a scroll of remove curse {unknown}
 l - 2 scrolls of teleportation {unknown}
 n - 2 scrolls of fear {unknown}
Potions
 g - a potion of brilliance {unknown}
 i - a potion of magic
 k - a potion of might {unknown}
Comestibles
 f - a ration


   Skills:
 + Level 2.4 Fighting
 * Level 2.3 Long Blades
 + Level 0.9(1.1) Slings
 - Level 0.8(1.1) Throwing
 + Level 2.4 Dodging
 + Level 2.2 Spellcasting
 + Level 3.0 Translocations


You had one spell level left.
You knew the following spells:

 Your Spells              Type           Power        Failure   Level  Hunger
a - Blink                 Tloc           N/A          11%         2    ###....
b - Shroud of Golubria    Chrm/Tloc      #.....       21%         2    ###....

Your spell library contained the following spells:

 Spells                   Type           Power        Failure   Level  Hunger
 Gell's Gravitas          Tloc           #.........   22%         3    ####...
 Lesser Beckoning         Tloc           #.........   22%         3    ####...
 Teleport Other           Tloc           #.......     22%         3    ####...
 Passage of Golubria      Tloc           N/A          56%         4    #####..


Dungeon Overview and Level Annotations

Branches:
Dungeon (2/15)

Altars:


Innate Abilities, Weirdness & Mutations

Your plain brown scales are hard. (AC +4)
You cannot fit into any form of body armour.
You are cold-blooded and may be slowed by cold attacks.


Message History

You shoot a sling bullet. The sling bullet misses the adder.
The adder bites you but does no damage. The adder bites you.
a - a +0 falchion (weapon)
The adder bites you.
You hit the adder.
Your tail-slap misses the adder.
The adder is severely wounded.
You feel sick. The adder completely misses you.
You hit the adder but do no damage.
The adder is severely wounded.
The adder bites you.
* * * LOW HITPOINT WARNING * * *
You are more poisoned.
The adder poisons you! The adder bites you but does no damage.
You closely miss the adder.
The adder is severely wounded.
* * * LOW HITPOINT WARNING * * *
You feel sick. The adder bites you.
* * * LOW HITPOINT WARNING * * *
It was a potion of magic.
Magic courses through your body. The adder bites you.
You die...

#.(# #.(### #....#
#.#.# #..# .
#.###. #(.#.# #
#S#..# # #@##.# #
#.##.## # #.#...##
#
#......###########
#.....†.........##
##.....####.......
##........)###.##
########### #.##
#.#.


You could see an adder.

Vanquished Creatures
  A dart slug (D:1)
  A leopard gecko (D:1)
  5 bats
  A giant cockroach (D:1)
  2 goblins
  A hobgoblin (D:1)
  4 jackals (D:1)
  A kobold (D:1)
  A quokka (D:2)
  4 frilled lizards
  3 rats (D:1)
  A bush (D:1)
25 creatures vanquished.

Notes
Turn   | Place    | Note
-------+----------+-------------------------------------------
     0 | D:1      | BeastOfSaturn the Draconian Warper began the quest for the
                  | Orb.
     0 | D:1      | Reached XP level 1. HP: 17/17 MP: 3/3
   112 | D:1      | Reached XP level 2. HP: 24/25 MP: 5/5
   237 | D:1      | Learned a level 2 spell: Blink
   240 | D:1      | Learned a level 2 spell: Shroud of Golubria
   920 | D:2      | HP: 1/25 [adder (2)]
   921 | D:2      | Slain by an adder

Levels and vault maps discovered:
D:1:      saegor_arrival_miasma, layout_basic, serial_forest,
          infiniplex_forest_zigzag_2, infiniplex_forest_join,
          infiniplex_forest_lined_3, infiniplex_forest_lined_corner,
          infiniplex_forest_clump_medium, infiniplex_forest_clump_tiny,
          infiniplex_forest_corner_1, serial_bayou_pond_e,
          minmay_splitting_lines, serial_park_tiny_1
D:2:      layout_loops_ring

Action                   || total
-------------------------++-------
Melee: Falchion          ||   129
       Tailslap          ||    25
 Fire: Hunting sling     ||    58
 Cast: Blink             ||     3
  Use: Potion            ||     1
Armor: Skin              ||    14
Dodge: Dodged            ||    16
       Rpst.: Falchion   ||     1

Table legend:
 A = Non-vault XP
 B = Vault XP
 C = Vault XP percentage of total XP
 D = Non-vault monster count
 E = Vault monster count
 F = Vault count percentage of total count
                 A         B        C        D         E       F
            +---------+---------+-------+---------+---------+-------
      Total |      40 |       0 |   0.0 |      24 |       0 |   0.0
            +---------+---------+-------+---------+---------+-------
        D:1 |      34 |       0 |   0.0 |      20 |       0 |   0.0
        D:2 |       6 |       0 |   0.0 |       4 |       0 |   0.0
            +---------+---------+-------+---------+---------+-------
